 Dungeon Crawl Stone Soup version 0.21.1-1-g345015f (webtiles) character file.

663 lotte the Thaumaturge (level 7, 0/36 HPs)
             Began as a Deep Elf Wizard on June 30, 2018.
             Was a Follower of Qazlal.
             Killed by nerve-wracking pain
             ... invoked by Grinder
              (14 damage)
             ... on level 5 of the Dungeon.
             The game lasted 00:53:51 (8947 turns).

lotte the Thaumaturge (Deep Elf Wizard)             Turns: 8947, Time: 00:53:52

Health: 0/36       AC:  7    Str:  4    XL:     7   Next: 31%
Magic:  21/21      EV: 13    Int: 28    God:    Qazlal [*.....]
Gold:   105        SH:  1    Dex: 13    Spells: 15/24 levels left

rFire    . . .     SeeInvis .   n - +0 spear (distort)
rCold    . . .     Gourm    .   (no shield)
rNeg     . . .     Faith    .   r - +2 robe {Archmagi}
rPois    .         Spirit   .   b - +0 hat
rElec    .         Reflect  .   (no cloak)
rCorr    .         Harm     .   w - +2 pair of gloves
MR       .....                  (no boots)
Stlth    ++........             D - amulet of regeneration
HPRegen  0.52/turn              v - +3 ring of intelligence
MPRegen  0.17/turn              (no ring)

@: no status effects
A: no striking features
a: Renounce Religion


You were on level 5 of the Dungeon.
You worshipped Qazlal.
Qazlal was aware of your devotion.
You were not hungry.

You visited 2 branches of the dungeon, and saw 6 of its levels.

You collected 105 gold pieces.

Inventory:

Hand Weapons
 e - a +0 dagger
 m - a +0 whip of freezing
 n - a +0 spear of distortion (weapon)
 o - a cursed -2 short sword
 s - a +0 quarterstaff of protection
 u - a +0 flail
Missiles
 g - 2 curare-tipped needles
Armour
 a - a +0 robe
 b - a +0 hat (worn)
 k - a +0 pair of gloves
 r - a +2 robe of the Archmagi (worn)
 w - a +2 pair of gloves (worn)
 y - a cursed +0 robe
Jewellery
 v - a +3 ring of intelligence (left hand)
 D - an amulet of regeneration (around neck)
Scrolls
 d - a scroll of enchant weapon {unknown}
 f - a scroll of immolation {unknown}
 h - 4 scrolls of identify {unknown}
 i - 2 scrolls of remove curse {unknown}
 j - 2 scrolls of enchant armour {unknown}
 l - 3 scrolls of fog {unknown}
 p - a scroll of fear {unknown}
 q - 2 scrolls of teleportation {unknown}
Potions
 t - a potion of might
 x - a potion of ambrosia {unknown}
 A - 2 potions of degeneration {unknown}
 B - a potion of haste {unknown}
Books
 c - a book of Minor Magic

   Spells                             Type                      Level
   a - Magic Dart                     Conjuration                  1
   b - Blink                          Translocation                2
   c - Call Imp                       Summoning                    2
   d - Slow                           Hexes                        2
   e - Conjure Flame                  Conjuration/Fire             3
   f - Mephitic Cloud                 Conjuration/Poison/Air       3
Comestibles
 z - 2 rations


   Skills:
 - Level 2.4 Dodging
 - Level 2.4 Stealth
 + Level 9.2 Spellcasting
 + Level 2.5 Conjurations
 + Level 4.9 Summonings
   Level 1.1 Translocations


You had 15 spell levels left.
You knew the following spells:

 Your Spells              Type           Power        Failure   Level  Hunger
a - Magic Dart            Conj           ####         1%          1    None
b - Mephitic Cloud        Conj/Pois/Air  ####....     9%          3    None
c - Call Imp              Summ           ######..     1%          2    None
d - Conjure Flame         Conj/Fire      ####....     8%          3    None


Dungeon Overview and Level Annotations

Branches:
Dungeon (5/15)             Temple (1/1) D:4

Altars:
Ashenzari
Dithmenos
Elyvilon
Fedhas
Hepliaklqana
Makhleb
Okawaru
Qazlal
Ru
Sif Muna
Trog
Uskayaw
Wu Jian
Yredelemnul
The Shining One

Shops:
D:4 *

Annotations:
D:5 Grinder


Message History

Your white imp hits the adder.
Your white imp freezes the adder.
The adder seems to slow down.
The adder dies!
Qazlal accepts your kill.
You start resting.
Your white imp is engulfed in blazing flames.
You kill your white imp!
All of the chunks of flesh in your inventory have rotted away.
Grinder misses your crimson imp.
Your crimson imp blinks!
Grinder gestures at you. Pain shoots through your body!
Grinder gestures at you. Pain shoots through your body!
You barely miss Grinder. Grinder hits you.
You writhe in agony.
You hit Grinder but do no damage.
Space bends around Grinder.
Grinder is lightly wounded.
Grinder gestures at you. Pain shoots through your body!
You die...

..#.##....##.....#..#
...>......##.....#...#
.##.#.....##.....#...#
.##.#......5.....##...#
.##.#.....######.# ...#
# #.#.....# #5# ...#
#.#.##########.# #...
#.#...........5#
###.############@#
....# #.# ##### #.# #.#
#.# #.# ##########.#
#..........#
##########.#


You could see Grinder and a friendly crimson imp.

Vanquished Creatures
  A scorpion (D:4)
  An orc priest (D:5)
  An orc wizard (D:5)
  A gnoll (D:4)
  2 adders (D:2)
  An ooze (D:1)
  2 dart slugs (D:1)
  2 leopard geckos
  3 orcs
  6 bats
  2 giant cockroaches
  10 goblins
  5 hobgoblins
  2 jackals (D:3)
  3 ball pythons
  2 frilled lizards (D:1)
  4 kobolds
  6 rats
54 creatures vanquished.

Vanquished Creatures (collateral kills)
  Pikel (D:3)
  A slave (D:3)
  The ghost of Stil the Firebug, an amateur DsFE (D:3)
  2 hounds
  A bullfrog skeleton (D:5)
  2 orc wizards
  A worker ant (D:5)
  A killer bee zombie (D:5)
  10 adders
  4 gnolls
  An ooze (D:3)
  4 worms
  A leopard gecko (D:4)
  18 orcs
  A quokka (D:3)
49 creatures vanquished.

Vanquished Creatures (others)
  A slave (D:4)
  An iguana (D:4)
  2 gnolls (D:4)
  3 orcs (D:4)
  4 plants (D:4)
11 creatures vanquished.

Grand Total: 114 creatures vanquished

Notes
Turn   | Place    | Note
-------+----------+-------------------------------------------
     0 | D:1      | lotte the Deep Elf Wizard began the quest for the Orb.
     0 | D:1      | Reached XP level 1. HP: 10/10 MP: 7/7
   290 | D:1      | Reached skill level 5 in Spellcasting
   380 | D:1      | Reached XP level 2. HP: 15/15 MP: 7/10
   414 | D:1      | Found a shattered altar of Ashenzari.
  1086 | D:1      | Reached XP level 3. HP: 19/19 MP: 2/12
  1549 | D:2      | Reached skill level 6 in Spellcasting
  1946 | D:2      | Found a sacrificial altar of Ru.
  1946 | D:2      | Found a stormy altar of Qazlal.
  1947 | D:2      | Found a white marble altar of Elyvilon.
  2008 | D:2      | Became a worshipper of Qazlal Stormbringer
  2149 | D:2      | Learned a level 3 spell: Mephitic Cloud
  2152 | D:2      | Learned a level 2 spell: Call Imp
  2182 | D:2      | Learned a level 3 spell: Conjure Flame
  3450 | D:3      | Noticed Stil's ghost (amateur DsFE)
  3806 | D:3      | Reached XP level 4. HP: 24/24 MP: 9/14
  4630 | D:3      | Found a sacrificial altar of Ru.
  4793 | D:3      | Reached skill level 7 in Spellcasting
  5044 | D:3      | Reached XP level 5. HP: 13/28 MP: 9/16
  5399 | D:3      | Killed Stil's ghost
  5705 | D:4      | Found a blossoming altar of Fedhas.
  5705 | D:4      | Noticed a slave
  6326 | D:4      | Noticed Pikel
  6327 | D:4      | Noticed a slave
  6370 | D:3      | Killed a slave
  6679 | D:3      | Killed Pikel
  6679 | D:3      | Reached skill level 8 in Spellcasting
  6679 | D:3      | Reached XP level 6. HP: 29/32 MP: 7/19
  6778 | D:4      | Noticed a freed slave
  6779 | D:4      | Noticed a freed slave
  7075 | D:4      | Found Plog's General Store.
  7102 | D:4      | Killed a freed slave
  7304 | D:4      | Reached XP level 7. HP: 36/36 MP: 14/21
  7605 | D:4      | Found a staircase to the Ecumenical Temple.
  7828 | Temple   | Entered the Ecumenical Temple
  8181 | D:5      | Entered Level 5 of the Dungeon
  8238 | D:5      | Reached skill level 9 in Spellcasting
  8516 | D:5      | Reached * piety under Qazlal
  8859 | D:5      | Noticed Grinder
  8864 | D:5      | Paralysed by Grinder for 4 turns
  8947 | D:5      | Killed from afar by Grinder

Skill      XL: |  1  2  3  4  5  6  7 |
---------------+----------------------+-----
Spellcasting   | 5 6 7 8 9 |  9.2
Conjurations   | 2 |  2.5
Summonings     | 2 4 |  4.9
Dodging        | |  2.4
Stealth        | |  2.4
Translocations | |  1.1

Action                   |  1- 3 |  4- 6 |  7- 9 || total
-------------------------+-------+-------+-------++-------
Melee: Dagger            |     5 |       |       ||     5
       Spear             |       |       |     2 ||     2
 Cast: Magic Dart        |    85 |    46 |    22 ||   153
       Call Imp          |     2 |    62 |    21 ||    85
       Conjure Flame     |     1 |     2 |     1 ||     4
       Mephitic Cloud    |     1 |     3 |       ||     4
  Use: Potion            |       |     3 |       ||     3
  Eat: Chunk             |     5 |     4 |     1 ||    10
       Ration            |     1 |     2 |     1 ||     4
Armor: Robe              |     4 |     6 |    29 ||    39
Dodge: Dodged            |    15 |    32 |    32 ||    79
Block: Other             |       |       |     2 ||     2
